 Dungeon Crawl Stone Soup version 0.26-a0-1033-gd598b01645 (webtiles) character file.

Game seed: 14553445670047374621

1199 Baldric the Slasher (level 8, 0/61 HPs)
             Began as a Human Berserker on Dec 10, 2020.
             Was a Believer of Trog.
             Succumbed to a scorpion's poison
             ... on level 6 of the Dungeon.
             The game lasted 00:35:37 (4955 turns).

Baldric the Slasher (Human Berserker)               Turns: 4955, Time: 00:35:37

Health: 0/61       AC: 19    Str: 17    XL:     8   Next: 72%
Magic:  8/8        EV:  6    Int:  9    God:    Trog [**....]
Gold:   349        SH:  0    Dex: 14    Spells: 7/7 levels left

rFire    . . .     SeeInvis .   x - +1 whip (freeze)
rCold    . . .     Faith    .   (no shield)
rNeg     + . .     Spirit   .   d - +0 plate armour
rPois    .         Reflect  .   (no helmet)
rElec    .         Harm     .   (no cloak)
rCorr    .         Rampage  .   (no gloves)
Will     .....                  i - +2 pair of boots
Stlth    ..........             (no amulet)
HPRegen  0.20/turn              q - ring of positive energy
MPRegen  0.11/turn              j - +4 ring of protection

@: lethally poisoned (0 -> -11)
A: no striking features
a: Berserk, Trog's Hand, Renounce Religion


You were on level 6 of the Dungeon.
You worshipped Trog.
Trog was pleased with you.
You visited 2 branches of the dungeon, and saw 7 of its levels.

You collected 349 gold pieces.

Inventory:

Hand Weapons
 a - a +0 falchion
 s - a +0 spear
 v - a +0 dagger of chaos
 x - a +1 whip of freezing (weapon)
Missiles
 l - 25 poisoned darts
Armour
 b - a +0 animal skin
 d - a +0 plate armour (worn)
 e - a +0 scale mail
 i - a +2 pair of boots (worn)
 m - a +0 chain mail
Jewellery
 f - a +6 ring of dexterity
 g - a +6 ring of dexterity
 j - a +4 ring of protection (right hand)
 n - a +4 ring of evasion
 q - a ring of positive energy (left hand)
Wands
 p - a wand of paralysis (3) (quivered)
 t - a wand of disintegration (1)
Scrolls
 h - 4 scrolls of remove curse {unknown}
 k - 2 scrolls of fog {unknown}
 o - a scroll of immolation {unknown}
 r - 4 scrolls of identify {unknown}
 u - a scroll of teleportation {unknown}
Potions
 c - 2 potions of lignification
 w - a potion of degeneration {unknown}


   Skills:
 + Level 4.9 Fighting
 + Level 7.2 Long Blades
 + Level 4.3 Armour
 + Level 2.9 Dodging
 + Level 3.5 Stealth
 + Level 1.8 Evocations


You had 7 spell levels left.
You didn't know any spells.
Your spell library contained the following spells:

 Spells                   Type           Power        Failure   Level
 Freeze                   Ice            #...         100%        1
 Frozen Ramparts          Ice            #.....       100%        3
 Ozocubu's Armour         Ice            #.......     100%        3
 Hailstorm                Conj/Ice       #.......     100%        4
 Summon Ice Beast         Ice/Summ       #.......     100%        4


Dungeon Overview and Level Annotations

Branches:
Dungeon (6/15)             Temple (1/1) D:4

Altars:
Dithmenos
Elyvilon
Fedhas
Gozag
Hepliaklqana
Kikubaaqudgha
Makhleb
Nemelex Xobeh
Okawaru
Qazlal
Ru
Sif Muna
Trog
Vehumet
Wu Jian
Xom
Zin
The Shining One


Message History

The scorpion is almost dead.
You feel sick.
The scorpion stings you but does no damage.
You hit the scorpion but do no damage.
The scorpion is almost dead.
The scorpion barely misses you.
Your plate armour prevents you from hitting the scorpion.
The scorpion is almost dead.
You feel sick.
The scorpion stings you but does no damage.
The scorpion stings you!
* * * LOW HITPOINT WARNING * * *
You are lethally poisoned!
The scorpion poisons you!
You hit the scorpion. You freeze the scorpion.
You kill the scorpion!
Trog accepts your kill.
* * * LOW HITPOINT WARNING * * *
You feel sick.
You die...

#....# .#..# ######
..#..#
###....###.##...
#......'..###.###
#.#....####☼...○######
#.......#.....#....#
#.#####...._....# #.
#<.[#...@.#.# .
#####☼...§# . ###.###
#. ..... +.$.....
#.......# #.......#
#.... #....


There were no monsters in sight!

Vanquished Creatures
  Pikel (D:6)
  A phantom (D:4)
  2 centaurs (D:5)
  2 scorpions
  A water moccasin skeleton (D:4)
  4 crimson imps (D:5)
  An orc priest (D:5)
  A worker ant (D:5)
  5 adders
  A howler monkey skeleton (D:5)
  A shadow imp (D:5)
  A white imp (D:5)
  2 oozes
  A worm (D:2)
  A dart slug (D:1)
  2 leopard geckos
  2 orcs (D:5)
  7 bats
  6 goblins
  13 hobgoblins
  13 jackals
  3 ball pythons
  6 frilled lizards
  5 kobolds (D:2)
  5 rats
87 creatures vanquished.

Vanquished Creatures (others)
  15 plants (D:1)
15 creatures vanquished.

Grand Total: 102 creatures vanquished

Notes
Turn   | Place    | Note
-------+----------+-------------------------------------------
     0 | D:1      | Baldric the Human Berserker began the quest for the Orb.
     0 | D:1      | Reached XP level 1. HP: 18/18 MP: 1/1
   106 | D:1      | Reached XP level 2. HP: 23/24 MP: 2/2
   765 | D:1      | Reached XP level 3. HP: 21/29 MP: 3/3
  1439 | D:2      | Reached ** piety under Trog
  1498 | D:2      | Reached XP level 4. HP: 16/36 MP: 4/4
  1635 | D:2      | Reached skill level 1 in Stealth
  1933 | D:2      | Reached skill level 4 in Long Blades
  2189 | D:3      | Reached XP level 5. HP: 38/42 MP: 5/5
  2989 | D:4      | Found a staircase to the Ecumenical Temple.
  3008 | Temple   | Entered the Ecumenical Temple
  3297 | D:4      | Noticed a phantom
  3407 | D:4      | Killed a phantom
  3408 | D:4      | Reached skill level 5 in Long Blades
  3408 | D:4      | Reached XP level 6. HP: 24/48 MP: 6/6
  3939 | D:5      | Entered Level 5 of the Dungeon
  3993 | D:5      | Reached XP level 7. HP: 23/55 MP: 7/7
  4212 | D:5      | Found a shimmering altar of Xom.
  4442 | D:5      | Reached skill level 6 in Long Blades
  4570 | D:5      | Found a glowing silver altar of Zin.
  4570 | D:5      | Noticed an angel
  4875 | D:6      | Found a stormy altar of Qazlal.
  4876 | D:6      | Noticed Pikel
  4911 | D:6      | Killed Pikel
  4912 | D:6      | Reached skill level 7 in Long Blades
  4912 | D:6      | Reached skill level 1 in Evocations
  4912 | D:6      | Reached XP level 8. HP: 32/61 MP: 8/8
  4953 | D:6      | HP: 2/61 [scorpion (7)]
  4955 | D:6      | Succumbed to a scorpion's poison

Illustrated notes

Levels and vault maps discovered:
D:1:      minmay_arrival_open_corners, layout_basic, serial_bayou,
          serial_bayou_shore_b, serial_bayou_pond_a, serial_bayou_lagoon_a,
          serial_bayou_pond_e
D:2:      layout_loops_ring, grunt_decor_fettered, minmay_circle_x
D:3:      layout_basic
D:4:      layout_basic, minmay_temple_entry_drinking_statues,
          minmay_fractal_squares_gapless_5
D:5:      layout_layer_cave, zin_angel, led_xom_imps, fedhas_altar_1
D:6:      layout_basic, grunt_qazlal_clouds, minitemple,
          minmay_tree_intersection, nrook_loot_triangle, uniq_edmund,
          uniq_crazy_yiuf_cottage, uniq_pikel
Temple:   minmay_freezing_vapour_temple

Skill      XL: |  1  2  3  4  5  6  7 |
---------------+----------------------+-----
Stealth        | 1 3 |  3.5
Long Blades    | 4 5 7 |  7.2
Fighting       | 4 |  4.9
Armour         | 4 |  4.3
Evocations     | 1 |  1.8
Dodging        | |  2.9

Action                   |  1- 3 |  4- 6 |  7- 9 || total
-------------------------+-------+-------+-------++-------
Melee: Falchion          |   148 |   153 |   157 ||   458
       Whip              |       |       |    14 ||    14
Invok: Berserk           |       |     1 |       ||     1
       Trog's Hand       |       |     1 |       ||     1
Evoke: Wand              |       |     1 |    14 ||    15
  Use: Potion            |       |     4 |     2 ||     6
 Stab: Sleeping          |     3 |     1 |       ||     4
       Paralysed         |       |     5 |     4 ||     9
       Invisible         |       |       |     3 ||     3
Armor: Animal skin       |    42 |     9 |       ||    51
       Chain mail        |       |   109 |       ||   109
       Plate armour      |       |    22 |   150 ||   172
Dodge: Dodged            |    93 |    90 |    68 ||   251
       Rpst.: Falchion   |    29 |    30 |    20 ||    79

Table legend: (Time is in decaauts)
 A = Elapsed time spent in this place.
 B = Non-inter-level travel time spent in this place.
 C = Inter-level travel time spent in this place.
 D = Time resting spent in this place.
 E = Time spent auto-exploring this place.
 F = Levels seen in this place.
 G = Mean time per level.
                   A        B        C        D        E       F      G
               +--------+--------+--------+--------+--------+-----+--------+
         Total |   5017 |   4990 |     27 |      0 |      0 |   7 |  716.7 |
       Dungeon |   4970 |   4943 |     27 |      0 |      0 |   6 |  828.3 |
        Temple |     46 |     46 |      0 |      0 |      0 |   1 |   46.0 |
               +--------+--------+--------+--------+--------+-----+--------+

Top non-repeatable levels by time:
     D:1: 1298 daAuts
     D:4: 1095 daAuts
     D:5: 937 daAuts
     D:2: 835 daAuts
     D:3: 723 daAuts
     D:6: 80 daAuts
  Temple: 46 daAuts
